AoeStats
← xbuner2009

Baltic

510549382Analyzed
4v4 RM · 1d ago on Oct 1, 2026· 36m 32s· 8 players
Game mode
Random Map
Map size
Large (8 player)
Population
200
Speed
Normal
Resources
Standard
Victory
Conquest
Starting age
Dark Age
Ending age
Imperial Age
RankedLock teamsTeams togetherTeam positionsShared explorationLock speedFull tech treeHidden civsTurbo modeCheats
Victory
Defeat
🇩🇪 Varangians · Germany
1449
+10
🇦🇹 Dravidians · Austria
1424
+11
🇩🇪 Persians · Germany
1392
+12
🇩🇪 Vikings · Germany
1160
+21
🇹🇼 Dravidians · Taiwan
1306
-14
🇹🇼 Varangians · Taiwan
1303
-14
🇹🇼 Persians · Taiwan
1293
-13
🇹🇼 Magyars · Taiwan
1279
-13
DeeperDeeper
8:27 Loom
11:40 Feudal Age
12:20 Double-Bit Axe
15:11 Castle Age
15:17 Town Watch
15:24 Fletching
17:49 Medium Warships
19:04 Wheelbarrow
18:58 Demolition Ship
26:21 Bow Saw
26:42 Horse Collar
27:38 Heavy Plow
28:24 Bodkin Arrow
33:14 Imperial Age
30:54 Gold Mining
31:47 Bodkin Arrow
31:53 Padded Archer Armor
32:36 Hand Cart
33:11 Thumb Ring
34:19 Bracer
35:06 Leather Archer Armor
36:00 Elite Elephant Archer
A POPO
6:01 Loom
9:07 Feudal Age
10:09 Double-Bit Axe
13:10 Horse Collar
18:57 Bloodlines
21:39 Castle Age
21:02 Wheelbarrow
20:23 Gold Mining
22:39 Bloodlines
22:29 Husbandry
22:45 Bow Saw
23:23 Light Cavalry
24:14 Bloodlines
24:30 Heavy Plow
24:41 Scale Barding Armor
24:50 Husbandry
27:44 Hand Cart
33:45 Imperial Age
32:49 Corvinian Army
33:15 Chain Barding Armor
35:00 Gold Shaft Mining
34:17 Cavalier
36:24 Plate Barding Armor
37:09 Two-Man Saw
36:46 Crop Rotation
aireight
6:56 Loom
9:20 Feudal Age
9:46 Double-Bit Axe
9:42 Horse Collar
14:50 Bloodlines
22:18 Castle Age
21:00 Scale Barding Armor
20:59 Gold Mining
22:42 Forging
23:22 Chain Barding Armor
23:02 Light Cavalry
25:57 Scale Mail Armor
30:04 Wheelbarrow
xbuner2009
10:34 Feudal Age
10:39 Loom
11:09 Fishing Lines
12:44 Horse Collar
14:51 Double-Bit Axe
23:46 Castle Age
23:05 Gold Mining
24:32 Bow Saw
24:57 Heavy Plow
25:36 Wheelbarrow
27:16 Gold Shaft Mining
27:15 Stone Mining
30:40 Stone Shaft Mining
35:11 Imperial Age
33:04 Hand Cart
33:16 Bloodlines
33:08 Husbandry
33:18 Scale Barding Armor
35:15 Chain Barding Armor
35:05 Forging
34:55 Cavalier
Red Calypso
7:28 Loom
11:32 Feudal Age
14:34 Double-Bit Axe
21:36 Castle Age
20:13 Fletching
20:23 Padded Archer Armor
20:19 Gold Mining
22:04 Crossbowman
22:41 Bodkin Arrow
23:03 Leather Archer Armor
23:45 Pikeman
24:25 Squires
32:27 Bow Saw
36:06 Town Watch
schlauchnase
6:23 Loom
9:03 Feudal Age
9:35 Double-Bit Axe
13:27 Wheelbarrow
17:53 Castle Age
20:13 Bloodlines
28:17 Imperial Age
26:13 Scale Barding Armor
26:19 Forging
26:16 Husbandry
27:45 Chain Barding Armor
28:30 Iron Casting
28:09 Cavalier
31:38 Bow Saw
34:55 Plate Barding Armor
Maschndrohtzaun
9:41 Feudal Age
10:27 Double-Bit Axe
12:44 Loom
16:30 Castle Age
14:15 Fishing Lines
16:46 Fletching
17:36 Bow Saw
17:22 Bodkin Arrow
17:45 Forging
20:40 Clinker Construction
22:09 Wheelbarrow
21:36 Gillnets
28:58 Imperial Age
28:27 Gold Mining
28:57 Hand Cart
30:01 Ballistics
29:54 Bracer
30:03 Siege Engineers
30:32 Shipwright
31:24 Siege Engineers
31:38 Caravan
32:15 Careening
32:46 Elite Longship
36:21 Chemistry
35:42 Dry Dock
35:43 Carvel Hull
35:35 Masonry
36:58 Scale Mail Armor
37:08 Forging
xxxDonPabloxxx
7:53 Loom
12:54 Feudal Age
14:50 Double-Bit Axe
16:02 Horse Collar
22:21 Castle Age
27:42 Crossbowman
28:26 Fletching
28:38 Padded Archer Armor
29:04 Bow Saw
33:48 Fortified Wall
33:49 Masonry
33:56 Bodkin Arrow
36:55 Ballistics
Connection lost

Rejoining the realm…

Still unreachable

The connection could not be restored.

Session expired

The server has moved on; the page needs a fresh start.